 Dungeon Crawl Stone Soup version 0.28.0-43-g3370ac3207 (webtiles) character file.

Game seed: 10507323905583262634

158 pkoi the Ruffian (level 4, -1/37 HPs)
             Began as a Demigod Gladiator on Mar 28, 2022.
             Slain by an ogre
             ... wielding a +0 giant club
              (11 damage)
             ... on level 4 of the Dungeon.
             The game lasted 00:05:50 (5174 turns).

pkoi the Ruffian (Demigod Gladiator)                Turns: 5174, Time: 00:05:50

Health: -1/37      AC:  4    Str: 19    XL:     4   Next: 94%
Magic:  6/6        EV: 13    Int: 10    God:
Gold:   94         SH:  0    Dex: 15    Spells: 3/3 levels left

rFire   . . .      SeeInvis .     - Unarmed
rCold   . . .      Faith    .   (no shield)
rNeg    . . .      Spirit   .   a - +0 leather armour
rPois   .          Reflect  .   b - +0 helmet
rElec   .          Harm     .   (no cloak)
rCorr   .          Rampage  .   (no gloves)
Will    .....                   (no boots)
Stlth   +.........              (no amulet)
HPRegen 0.12/turn               (no ring)
MPRegen 0.10/turn               (no ring)

@: no status effects
A: high MP 1, forlorn, divine attributes
a: no special abilities


You were on level 4 of the Dungeon.
You visited 1 branch of the dungeon, and saw 4 of its levels.

You collected 94 gold pieces.

Inventory:

Hand Weapons
 d - a +0 vampiric short sword
Missiles
 c - a throwing net (quivered)
 g - 5 poisoned darts
Armour
 a - a +0 leather armour (worn)
 b - a +0 helmet (worn)
Wands
 i - a wand of polymorph (9)
Scrolls
 f - a scroll of identify
 h - a scroll of fear
Potions
 e - 2 potions of curing
 j - a potion of magic
 k - a potion of haste


   Skills:
 + Level 2.6 Fighting
 - Level 1.7 Throwing
 + Level 3.3 Dodging
 * Level 4.4 Unarmed Combat


You had 3 spell levels left.
You didn't know any spells.
Your spell library contained the following spells:

 Spells                   Type           Power      Damage    Failure   Level
 Gell's Gravitas          Tloc           0%         N/A       80%         3
 Teleport Other           Tloc           0%         N/A       80%         3
 Dispersal                Tloc           0%         N/A       100%        6


Dungeon Overview and Level Annotations

Branches:
Dungeon (4/15)
 Temple: D:4-7

Shops:
D:4 [


Innate Abilities, Weirdness & Mutations

You have an increased reservoir of magic. (+10% MP)
You shall have no god before yourself.
Your divine heritage dramatically boosts your attributes as you level up.


Message History

No target in view!
No target in view!
An ogre is nearby!
An ogre is nearby!
An ogre is nearby!
The ogre shouts!
You hear an angry hiss.
An adder comes into view.
A hound comes into view.
The hound barks!
You hit the hound.
The hound is moderately wounded.
The hound completely misses you. The hound bites you.
You hit the hound.
The hound is heavily wounded.
The hound barely misses you.
You miss the hound.
The hound is heavily wounded.
The hound bites you but does no damage.
You hit the hound.
The hound is severely wounded.
The hound bites you but does no damage. The hound bites you.
You closely miss the hound.
The hound is severely wounded.
The hound closely misses you.
You barely miss the hound.
The hound is severely wounded.
The ogre closely misses you. The hound bites you.
You hit the hound.
The hound is almost dead.
The hound bites you.
* * * LOW HITPOINT WARNING * * *
The ogre hits you with a +0 giant club!!
Ouch! That really hurt!
* * * LOW HITPOINT WARNING * * *
The hound bites you but does no damage.
You punch the hound!
You kill the hound!
The adder bites you but does no damage. The adder completely misses you.
The ogre hits you with a +0 giant club!
You die...

..# #.....#
###...†...... ..#
#.....# #............
..####.....#
#............
....##.....#
#....#######.
....#############.....#
........##..........#.##
##......##..........#..#
#......##......SO..##.#
#########......@...##..#
#.........####O#
#.........# ..
#.........# #S#
#.........# .#
########### .. #.#


You could see an ogre and an adder.

Vanquished Creatures
  2 hounds (D:4)
  An iguana (D:3)
  A gnoll (D:1)
  3 adders
  An ufetubus (D:3)
  A worm (D:2)
  11 endoplasms
  A giant cockroach (D:4)
  11 goblins
  5 hobgoblins
  4 kobolds
  3 quokkas
  6 ball pythons
  2 bats
  2 frilled lizards
  4 rats
58 creatures vanquished.

Vanquished Creatures (others)
  A fungus (D:3)
1 creature vanquished.

Grand Total: 59 creatures vanquished

Notes
Turn   | Place    | Note
-------+----------+-------------------------------------------
     0 | D:1      | pkoi the Demigod Gladiator began the quest for the Orb.
     0 | D:1      | Reached XP level 1. HP: 17/17 MP: 3/3
   105 | D:1      | Reached skill level 3 in Unarmed Combat
   375 | D:1      | Reached XP level 2. HP: 24/24 MP: 4/4
  1244 | D:1      | Reached XP level 3. HP: 23/29 MP: 5/5
  2255 | D:2      | You fall into a shaft and drop 2 floors!
  2677 | D:3      | Reached skill level 4 in Unarmed Combat
  2800 | D:2      | Reached XP level 4. HP: 33/36 MP: 6/6
  3792 | D:4      | Noticed an ogre
  3864 | D:4      | Found Ufe Akh's Antique Armour Boutique.
  3869 | D:4      | Noticed an ogre
  4248 | D:4      | Noticed an ogre
  5174 | D:4      | Slain by an ogre

Illustrated notes

Levels and vault maps discovered:
D:1:      dpeg_arrival_rhombus, layout_basic, chequers_serial_rivers_micro_e,
          eino_curves_03
D:2:      layout_loops_corners
D:3:      layout_basic, shapermc_ecumenical_altar_acropolis,
          hangedman_decor_slide_cut
D:4:      layout_basic, serial_shops, shop, uniq_natasha

Skill      XL: |  1  2  3 |
---------------+----------+-----
Unarmed Combat | 3 4 |  4.4
Fighting       | 2 |  2.6
Dodging        | 3 |  3.3
Throwing       | |  1.7

Action                   |  1- 3 |  4- 6 || total
-------------------------+-------+-------++-------
Melee: Unarmed           |   154 |    85 ||   239
       Punch             |     1 |     2 ||     3
Throw: Throwing net      |     1 |     2 ||     3
  Use: Scroll            |     4 |     4 ||     8
 Stab: Sleeping          |     3 |       ||     3
       Held in net/web   |       |     2 ||     2
Armor: Leather armour    |    25 |    22 ||    47
Dodge: Dodged            |    76 |    46 ||   122
